 Dungeon Crawl Stone Soup version 0.27-a0-46-g34d46f0a3f (webtiles) character file.

Game seed: 18295252626604990747

124 Borgoz the Cutter (level 5, -5/36 HPs)
             Began as a Halfling Gladiator on Jan 7, 2021.
             Slain by a gnoll
             ... wielding a +0 club
              (9 damage)
             ... on level 2 of the Dungeon.
             The game lasted 00:02:35 (2260 turns).

Borgoz the Cutter (Halfling Gladiator)              Turns: 2260, Time: 00:02:36

Health: -5/36      AC:  4    Str: 16    XL:     5   Next: 30%
Magic:  5/5        EV: 16    Int:  6    God:
Gold:   161        SH:  0    Dex: 16    Spells: 4/4 levels left

rFire    . . .     SeeInvis .   a - +0 rapier
rCold    . . .     Faith    .   (shield restricted)
rNeg     . . .     Spirit   .   v - +0 leather armour
rPois    .         Reflect  .   c - +0 helmet
rElec    .         Harm     .   (no cloak)
rCorr    .         Rampage  .   (no gloves)
Will     .....                  (no boots)
Stlth    ++........             (no amulet)
HPRegen  0.12/turn              (no ring)
MPRegen  0.09/turn              (no ring)

@: no status effects
A: small, mutation resistance 1
a: no special abilities


You were on level 2 of the Dungeon.
You visited 1 branch of the dungeon, and saw 3 of its levels.

You collected 161 gold pieces.

Inventory:

Hand Weapons
 a - a +0 rapier (weapon)
 b - a +0 short sword of freezing
 g - a +0 dagger of protection
Missiles
 d - 2 throwing nets (quivered)
Armour
 c - a +0 helmet (worn)
 n - a +0 pair of boots of stealth
 v - a +0 leather armour (worn)
Jewellery
 h - a +4 ring of protection {unknown}
Scrolls
 e - 3 scrolls of identify {unknown}
 f - 2 scrolls of immolation {unknown}
 j - a scroll of enchant weapon {unknown}
 m - 2 scrolls of teleportation {unknown}
 o - a scroll of fog {unknown}
 p - a scroll of fear {unknown}
 s - a scroll of amnesia {unknown}
 u - a scroll of magic mapping {unknown}
Potions
 i - a potion of berserk rage {unknown}
 k - a potion of flight {unknown}
 l - 2 potions of invisibility {unknown}
 q - a potion of haste {unknown}
 r - a potion of attraction {unknown}
 t - a potion of degeneration {unknown}
 w - a potion of mutation {unknown}


   Skills:
 * Level 3.0 Fighting
 + Level 4.2 Short Blades
 - Level 2.0 Throwing
 + Level 1.7 Armour
 + Level 3.8 Dodging
 + Level 2.1 Stealth


You had 4 spell levels left.
You didn't know any spells.
Your spell library was empty.

Dungeon Overview and Level Annotations

Branches:
Dungeon (3/15)

Altars:


Innate Abilities, Weirdness & Mutations

You are small and have problems with some larger weapons.
You are somewhat resistant to further mutation.


Message History

You barely miss the gnoll. The gnoll hits you but does no damage.
You puncture the gnoll!
The gnoll is heavily wounded.
The gnoll misses you.
You hit the gnoll.
The gnoll is almost dead.
The gnoll hits you with a +0 club.
* * * LOW HITPOINT WARNING * * *
You hit the gnoll but do no damage.
The gnoll is almost dead.
You closely miss the gnoll.
The gnoll is almost dead.
The gnoll barely misses you.
You closely miss the gnoll.
The gnoll is almost dead.
The gnoll barely misses you.
You hit the gnoll but do no damage.
The gnoll is almost dead.
The gnoll hits you with a +0 club!
You die...

####.#..# #.####### #...##...#
#.#..# #.......## ###...#.##
#.#..######.....#######...#.##
####.#..#.............##....<..##
.....(......##.>...##.##.......##
####....#.#<###...###.##...†...##
#.......#.# ##g## #.##.#...####
###.......#†# #g# #.##.#...# #
^.....)...).# #@# ##.##.##.#####
###..>..#.#.# #.# #.............
###.....###.# #.# #.###.########
.....#.## #.# #.###.# #.#
###.##.# #.####.....###.#
.......# #..............#
.#####.# ################ .# #.#
.# #.#


You could see 2 gnolls.

Vanquished Creatures
  Terence (D:3)
  4 adders (D:2)
  A worm (D:2)
  A dart slug (D:1)
  3 leopard geckos (D:3)
  4 orcs (D:3)
  5 giant cockroaches
  7 goblins
  2 hobgoblins
  4 jackals (D:2)
  7 kobolds
  3 bats (D:1)
  4 frilled lizards
  7 rats
53 creatures vanquished.

Notes
Turn   | Place    | Note
-------+----------+-------------------------------------------
     0 | D:1      | Borgoz the Halfling Gladiator began the quest for the Orb.
     0 | D:1      | Reached XP level 1. HP: 14/14 MP: 1/1
   267 | D:1      | Reached XP level 2. HP: 19/19 MP: 2/2
   742 | D:1      | Reached skill level 1 in Stealth
   742 | D:1      | Reached XP level 3. HP: 22/24 MP: 3/3
   995 | D:2      | Reached skill level 1 in Armour
  1060 | D:2      | Reached skill level 4 in Short Blades
  1133 | D:2      | Reached XP level 4. HP: 29/30 MP: 4/4
  1853 | D:3      | Reached XP level 5. HP: 19/36 MP: 5/5
  2010 | D:3      | Noticed Terence
  2031 | D:3      | Killed Terence
  2260 | D:2      | Slain by a gnoll

Illustrated notes

Levels and vault maps discovered:
D:1:      lightli_arrival_isolated_outpost, layout_basic, serial_glass,
          glass_columns_b, glass_columns_b, glass_columns_b, glass_columns_b,
          glass_columns_a, glass_columns_a, glass_columns_c, glass_columns_a,
          glass_columns_c, glass_columns_a, roderic_serpentine_path
D:2:      layout_loops_ring
D:3:      layout_basic, hangedman_decor_clover_reticule, uniq_terence

Skill      XL: |  1  2  3  4  5 |
---------------+----------------+-----
Fighting       | 2 3 |  3.0
Stealth        | 1 2 |  2.1
Armour         | 1 |  1.7
Short Blades   | 4 |  4.2
Throwing       | |  2.0
Dodging        | |  3.8

Action                   |  1- 3 |  4- 6 || total
-------------------------+-------+-------++-------
Melee: Rapier            |    90 |    98 ||   188
       Short sword       |       |    10 ||    10
Throw: Throwing net      |       |     1 ||     1
 Stab: Sleeping          |       |     2 ||     2
       Held in net/web   |       |     1 ||     1
Armor: Leather armour    |    23 |     6 ||    29
Dodge: Dodged            |    63 |    82 ||   145

Table legend: (Time is in decaauts)
 A = Elapsed time spent in this place.
 B = Non-inter-level travel time spent in this place.
 C = Inter-level travel time spent in this place.
 D = Time resting spent in this place.
 E = Time spent auto-exploring this place.
 F = Levels seen in this place.
 G = Mean time per level.
                   A        B        C        D        E       F      G
               +--------+--------+--------+--------+--------+-----+--------+
         Total |   2263 |   2205 |     58 |    196 |   1608 |   3 |  754.3 |
       Dungeon |   2263 |   2205 |     58 |    196 |   1608 |   3 |  754.3 |
               +--------+--------+--------+--------+--------+-----+--------+

Top non-repeatable levels by time:
     D:1: 990 daAuts
     D:2: 780 daAuts
     D:3: 493 daAuts
